 Dungeon Crawl Stone Soup version 0.14.0-9-g9c5475a (webtiles) character file.

626 MDvedh the Chopper (level 6, 0/32 HPs)
             Began as a Vine Stalker Fighter on Apr 14, 2014.
             Was a Follower of Dithmenos.
             Slain by a thrashing horror (2 damage)
             ... on Level 1 of the Abyss.
             The game lasted 00:05:24 (3178 turns).

MDvedh the Chopper (Vine Stalker Fighter)           Turns: 3178, Time: 00:05:24

HP   0/32        AC  8     Str 20      XL: 6   Next: 69%
MP   0/8         EV 10     Int  8      God: Dithmenos [*.....]
Gold 258         SH 18     Dex 14      Spells:  0 memorised,  5 levels left

rFire  . . .     SeeInvis .     a - +0,+1 war axe
rCold  . . .     Clarity  .     b - +0 scale mail
rNeg   . . .     Conserve .     c - +0 shield
rPois  .         rCorr    .     (no helmet)
rElec  .         rRot     +     x - +1 cloak
SustAb . .       Spirit   +     (no gloves)
rMut   .         Warding  .     (no boots)
Saprov . . .     Stasis   .     (no amulet)
MR     .....                    (no ring)
                                o - +4 ring of evasion

@: lethally poisoned, wreathed by umbra, not resistant to hostile enchantments,
extremely unstealthy
A: fangs 2, regeneration 2, magic shield, antimagic bite, no device heal
a: Renounce Religion


You were on level 1 of the Abyss.
You worshipped Dithmenos.
Dithmenos was aware of your devotion.
You were not hungry.

You visited 1 branch of the dungeon, and saw 5 of its levels.
You visited the Abyss 1 time.

You collected 258 gold pieces.

Inventory:

Hand weapons
 a - a +0,+1 war axe (weapon)
Armour
 b - a +0 scale mail (worn)
 c - a +0 shield (worn)
 x - a +1 cloak (worn)
Comestibles
 d - 4 bread rations
 g - 6 grapes
 j - 2 chunks of worker ant flesh
 q - a pear
 z - an apple
Scrolls
 f - 2 scrolls of enchant weapon II
 h - a scroll of immolation {unknown}
 l - 3 scrolls of blinking {unknown}
 s - a scroll of random uselessness {unknown}
 u - 3 scrolls of recharging {unknown}
 v - 3 scrolls of noise {unknown}
 w - 3 scrolls of teleportation {unknown}
 y - a scroll of magic mapping {unknown}
 B - 4 scrolls of remove curse
 D - a scroll of identify
Jewellery
 n - an uncursed amulet of stasis
 o - a +4 ring of evasion (left hand)
 C - an uncursed ring of teleportation
Potions
 e - a potion of might
 i - a potion of paralysis {unknown}
 k - a potion of lignification {unknown}
 m - 3 potions of curing
 p - a potion of heal wounds {unknown}
 r - 2 potions of degeneration
 t - a potion of poison
 A - a potion of brilliance {unknown}


   Skills:
 - Level 2.6 Fighting
 + Level 6.3 Axes
 - Level 2.4 Armour
 - Level 2.6 Shields


You had 5 spell levels left.
You didn't know any spells.

Dungeon Overview and Level Annotations

Branches:
Dungeon (5/15)
 Temple: D:4-7

Altars:
Dithmenos
Nemelex Xobeh

Annotations:
D:5 Edmund


Innate Abilities, Weirdness & Mutations

You are immune to rotting.
You have extremely sharp teeth.
You heal very quickly.
When hurt, damage is shared between your health and your magic reserves.
Your bite disrupts and absorbs the magic of your enemies.
Potions and wands cannot restore your HP.


Message History

The thrashing horror barely misses you. The thrashing horror tramples you!
You hold your ground!
The thrashing horror tramples you.
You hold your ground!
The thrashing horror roars!
The thrashing horror tramples you!
* * * LOW HITPOINT WARNING * * *
You stumble backwards!
The thrashing horror tramples you but does no damage.
You block the thrashing horror's attack.
The thrashing horror tramples you!
* * * LOW HITPOINT WARNING * * *
You stumble backwards!
Drink which item? (? for menu, Esc to quit)
That liquid tasted very nasty...
You are lethally poisoned!
* * * LOW HITPOINT WARNING * * *
You feel sick.
The thrashing horror roars!
The thrashing horror tramples you but does no damage.
The thrashing horror tramples you.
You die...

. .. # .# ..
.##.# .## #.
.... .. #.##..#
.### #...# ####
#..# #.## .#.#
#@X####..###..#
#....##.#.....#
.......##.##
.###...####
#.....
#.....##......#.
.#.#..
#########....#..
.. #.# #..
...#....## ##
.###...## . #
#..# #.#..#
##..#...#.#


You could see a thrashing horror.

Vanquished Creatures
  An ogre (D:3)
  A hound (D:5)
  2 worker ants
  A hound skeleton (D:4)
  11 adders
  2 worms
  A giant gecko (D:4)
  4 orcs
  3 ball pythons
  6 giant cockroaches
  12 goblins
  10 hobgoblins
  4 quokkas
  8 bats
  2 giant newts
  11 kobolds
  7 rats
  A rat zombie (D:5)
87 creatures vanquished.

Notes
Turn   | Place    | Note
--------------------------------------------------------------
     0 | D:1      | MDvedh, the Vine Stalker Fighter, began the quest for the Orb.
     0 | D:1      | Reached XP level 1. HP: 11/11 MP: 1/1
   212 | D:1      | Reached XP level 2. HP: 16/16 MP: 3/3
   686 | D:2      | Reached skill level 3 in Axes
   686 | D:2      | Reached XP level 3. HP: 14/19 MP: 2/4
   767 | D:2      | Found a shadowy altar of Dithmenos.
   783 | D:2      | Became a worshipper of Dithmenos the Shadowed
   819 | D:2      | Reached XP level 4. HP: 16/23 MP: 5/5
  1148 | D:2      | Reached skill level 4 in Axes
  1541 | D:3      | Reached XP level 5. HP: 22/27 MP: 7/7
  1693 | D:3      | Noticed an ogre
  1698 | D:3      | Killed an ogre
  1698 | D:3      | Reached skill level 5 in Axes
  1890 | D:3      | Gained mutation: You heal very quickly. [vine stalker growth]
  1890 | D:3      | Reached XP level 6. HP: 30/32 MP: 6/8
  2552 | D:4      | Found a sparkling altar of Nemelex Xobeh.
  2780 | D:4      | Reached skill level 6 in Axes
  2912 | D:5      | Entered Level 5 of the Dungeon
  3128 | D:5      | Noticed Edmund
  3135 | D:5      | Cast into the Abyss (Edmund)
  3171 | Abyss:1  | Noticed a thrashing horror
  3178 | Abyss:1  | Slain by a thrashing horror

Action                   |  1- 3 |  4- 6 || total
-------------------------+-------+-------++-------
Melee: War axe           |    69 |   174 ||   243
  Use: Scroll            |       |     6 ||     6
       Potion            |       |     1 ||     1
